AoeStats
← BETERRRRR

Arena

505969607Analyzed
4v4 RM · 19d ago on Sep 11, 2026· 76m 46s· 8 players
Game mode
Random Map
Map size
Large (8 player)
Population
200
Speed
Normal
Resources
Standard
Victory
Conquest
Starting age
Dark Age
Ending age
Imperial Age
RankedLock teamsTeams togetherTeam positionsShared explorationLock speedFull tech treeHidden civsTurbo modeCheats
Victory
Defeat
🇹🇷 Byzantines · Türkiye
1187
+14
🇵🇪 Lithuanians · Peru
1119
+16
🇺🇸 Magyars · United States
1110
+17
🇨🇳 Turks · China
1073
+18
🇹🇷 Vikings · Türkiye
1213
-19
🇹🇷 Tatars · Türkiye
1184
-19
🇩🇪 Franks · Germany
1115
-16
🇹🇷 Malay · Türkiye
1002
-11
SickkotzBert
11:17 Feudal Age
12:56 Double-Bit Axe
18:55 Castle Age
18:35 Forging
18:32 Scale Barding Armor
21:16 Husbandry
23:51 Wheelbarrow
24:34 Gold Mining
27:30 Hand Cart
28:23 Bow Saw
29:58 Gold Shaft Mining
34:33 Imperial Age
34:35 Cavalier
35:53 Iron Casting
35:39 Chain Barding Armor
36:19 Paladin
41:19 Capped Ram
41:33 Light Cavalry
47:11 Pikeman
47:52 Squires
47:56 Scale Mail Armor
49:00 Blast Furnace
51:11 Chain Mail Armor
50:57 Halberdier
62:17 Fervor
73:18 Chemistry
BETERRRRR
10:58 Feudal Age
15:16 Castle Age
13:15 Double-Bit Axe
13:11 Horse Collar
14:50 Wheelbarrow
16:20 Bow Saw
16:11 Heavy Plow
18:37 Hand Cart
26:24 Fletching
27:01 Bodkin Arrow
28:47 Scale Barding Armor
29:37 Forging
31:10 Chain Barding Armor
31:26 Iron Casting
34:05 Imperial Age
31:50 Husbandry
34:28 Bloodlines
35:50 Chemistry
34:32 Treadmill Crane
35:03 Fortified Wall
35:32 Conscription
35:15 Elite Keshik
36:39 Conscription
37:00 Plate Barding Armor
37:27 Blast Furnace
36:51 Gold Mining
36:52 Stone Mining
37:17 Bracer
39:14 Timurid Siegecraft
39:27 Guilds
41:31 Plate Barding Armor
41:57 Blast Furnace
41:54 Gold Shaft Mining
41:57 Crop Rotation
41:44 Bracer
44:54 Crop Rotation
45:33 Coinage
47:39 Banking
49:27 Loom
49:35 Loom
49:37 Light Cavalry
50:35 Hussar
55:13 Caravan
63:04 Town Watch
Graund
11:53 Feudal Age
16:30 Castle Age
15:20 Stone Mining
15:38 Double-Bit Axe
21:40 Fletching
22:00 Forging
29:52 Wheelbarrow
30:39 Gold Mining
33:23 Imperial Age
32:07 Bow Saw
31:40 Horse Collar
34:46 Hand Cart
39:46 Elite Battle Elephant
40:33 Scale Barding Armor
41:04 Iron Casting
40:54 Husbandry
68:34 Iron Casting
berker06ankara
11:39 Feudal Age
15:37 Castle Age
13:33 Double-Bit Axe
13:38 Horse Collar
17:03 Bow Saw
16:56 Heavy Plow
19:29 Stone Mining
20:29 Gold Mining
22:50 Gold Shaft Mining
26:16 Scale Mail Armor
26:26 Forging
26:17 Padded Archer Armor
26:07 Fletching
29:31 Imperial Age
27:18 Chain Mail Armor
26:40 Man-at-Arms
27:21 Squires
27:07 Gambesons
27:24 Long Swordsman
27:51 Arson
28:43 Iron Casting
28:31 Pikeman
29:33 Fletching
30:11 Leather Archer Armor
30:00 Chieftains
29:37 Two-Handed Swordsman
32:52 Two-Man Saw
32:06 Champion
32:49 Town Watch
32:51 Loom
34:18 Blast Furnace
34:20 Plate Mail Armor
35:22 Conscription
35:54 Ring Archer Armor
35:20 Bodkin Arrow
36:17 Crop Rotation
38:14 Bracer
39:11 Elite Skirmisher
44:31 Chemistry
43:52 Ballistics
44:42 Heated Shot
44:33 Treadmill Crane
49:01 Sappers
50:07 Hoardings
53:26 Capped Ram
54:55 Siege Ram
Nortrom Antivirus
9:02 Loom
10:50 Feudal Age
15:46 Castle Age
13:35 Horse Collar
13:42 Double-Bit Axe
15:36 Wheelbarrow
17:06 Bow Saw
17:26 Heavy Plow
24:39 Hand Cart
29:13 Imperial Age
26:32 Town Watch
27:30 Gold Mining
27:32 Stone Mining
30:58 Chemistry
30:24 Ballistics
30:13 Thumb Ring
30:11 Padded Archer Armor
30:01 Fletching
31:28 Bodkin Arrow
31:38 Heavy Cavalry Archer
32:52 Parthian Tactics
34:01 Bracer
34:16 Leather Archer Armor
34:07 Scale Barding Armor
33:51 Light Cavalry
34:42 Bloodlines
34:32 Husbandry
35:46 Conscription
37:23 Hussar
37:26 Elite Magyar Huszar
39:01 Chain Barding Armor
39:12 Ring Archer Armor
39:56 Recurve Bow
45:59 Corvinian Army
74:18 Scale Mail Armor
74:24 Arson
77:29 Chain Mail Armor
77:52 Plate Barding Armor
Im_𝕲
11:00 Feudal Age
16:43 Castle Age
15:52 Double-Bit Axe
16:26 Horse Collar
26:11 Fletching
26:35 Bloodlines
26:17 Elite Skirmisher
28:13 Bodkin Arrow
29:48 Forging
33:11 Imperial Age
31:39 Scale Barding Armor
31:37 Gold Mining
33:49 Iron Casting
35:01 Chemistry
34:16 Stone Mining
34:55 Ballistics
38:06 Light Cavalry
40:16 Stone Shaft Mining
39:59 Pikeman
41:19 Halberdier
59:27 Bow Saw
74:34 Caravan
MuhafıZ
10:36 Feudal Age
11:28 Double-Bit Axe
14:13 Castle Age
12:21 Horse Collar
13:12 Loom
15:15 Bow Saw
21:39 Wheelbarrow
21:25 Gold Mining
30:12 Imperial Age
28:41 Pikeman
29:22 Squires
30:06 Hand Cart
29:55 Heavy Plow
32:47 Chemistry
31:58 Fortified Wall
31:29 Treadmill Crane
32:10 Ballistics
32:24 Conscription
32:33 Forging
32:13 Fletching
32:23 Padded Archer Armor
32:29 Scale Barding Armor
32:26 Scale Mail Armor
32:36 Halberdier
33:57 Iron Casting
33:37 Stone Mining
34:22 Gold Shaft Mining
33:48 Bodkin Arrow
33:30 Man-at-Arms
33:55 Gambesons
33:56 Arson
34:31 Long Swordsman
34:56 Gambesons
35:48 Light Cavalry
36:29 Husbandry
35:49 Cavalier
35:50 Heavy Camel Rider
38:19 Two-Man Saw
38:16 Chain Barding Armor
38:44 Bracer
38:59 Leather Archer Armor
39:00 Chain Mail Armor
39:09 Heavy Camel Rider
40:04 Caravan
40:35 Coinage
40:16 Guilds
41:31 Leather Archer Armor
41:51 Plate Barding Armor
43:39 Hussar
44:07 Paladin
51:20 Two-Handed Swordsman
55:39 Champion
67:31 Plate Mail Armor
67:17 Leather Archer Armor
w2k8m1w2762
1:32 Loom
11:01 Feudal Age
17:11 Castle Age
15:29 Double-Bit Axe
15:37 Horse Collar
16:25 Gold Mining
16:54 Stone Mining
19:59 Wheelbarrow
20:09 Bow Saw
20:37 Heavy Plow
30:33 Imperial Age
27:53 Town Watch
29:03 Ballistics
28:54 Masonry
28:29 Treadmill Crane
29:04 Forging
28:46 Fletching
30:43 Scale Barding Armor
30:40 Padded Archer Armor
31:15 Iron Casting
31:22 Gold Shaft Mining
30:47 Murder Holes
31:35 Artillery
31:51 Bloodlines
32:37 Hand Cart
33:39 Elite Janissary
34:41 Conscription
34:32 Bodkin Arrow
34:54 Leather Archer Armor
36:47 Architecture
36:38 Bombard Tower
36:04 Arrowslits
36:46 Chain Barding Armor
37:44 Two-Man Saw
37:19 Husbandry
36:40 Heavy Camel Rider
39:04 Blast Furnace
38:46 Ring Archer Armor
41:20 Bracer
41:55 Plate Barding Armor
63:16 Town Patrol
63:28 Fortified Wall
63:23 Scale Mail Armor
69:41 Caravan
70:12 Coinage
69:53 Guilds
74:03 Banking
Connection lost

Rejoining the realm…

Still unreachable

The connection could not be restored.

Session expired

The server has moved on; the page needs a fresh start.